 Dungeon Crawl Stone Soup version 0.31-a0-1447-g87ca8d402b (webtiles) character file.

Game seed: 8191651086504354207

101 Sobieck the Ruffian (level 4, -1/37 HPs)
             Began as a Draconian Shapeshifter on Dec 27, 2023.
             Slain by Ijyb
             ... wielding a +0 club
              (3 damage)
             ... on level 2 of the Dungeon.
             The game lasted 00:02:57 (1681 turns).

Sobieck the Ruffian (Draconian Shapeshifter)        Turns: 1681, Time: 00:02:58

Health: -1/37      AC:  5    Str: 19    XL:     4   Next: 48%
Magic:  4/4        EV: 12    Int: 10    God:
Gold:   95         SH:  0    Dex: 10    Spells: 3/3 levels left

rFire   . .          .
                       - Unarmed
rCold   . . .        (no shield)
rNeg    . . .        (body armour unavailable)
rPois   .            (helmet currently unavailable)
rElec   .            (cloak currently unavailable)
rCorr   .            (gloves currently unavailable)
SInv    .            (boots currently unavailable)
Will    .....        g - amulet of magic regeneration
Stlth   +            (no ring)
HPRegen 0.26/turn    (no ring)
MPRegen 0.49/turn

%: no passive effects
@: beast-form
A: beast (slay +2), AC +5, unfitting armour, cold-blooded
a: Begin Untransformation


You were on level 2 of the Dungeon.
You were a hulking beast.
You visited 1 branch of the dungeon, and saw 3 of its levels.

You collected 95 gold pieces.

Inventory:

Jewellery
 g - an amulet of magic regeneration (around neck)
Talismans
 b - a beast talisman
 c - a flux talisman
Scrolls
 d - a scroll of poison {unknown}
 f - 2 scrolls of revelation {unknown}
 h - 2 scrolls of identify {unknown}
 i - a scroll of immolation {unknown}
 j - a scroll of amnesia {unknown}
 l - a scroll of fear {unknown}
 n - a scroll of torment {unknown}
 o - a scroll of teleportation {unknown}
 p - a scroll of fog {unknown}
Potions
 a - a potion of lignification
 e - a potion of heal wounds {unknown}
 k - 3 potions of haste {unknown}
 m - a potion of brilliance {unknown}


   Skills:
 + Level 2.5 Fighting
 + Level 2.6 Dodging
 + Level 3.6 Unarmed Combat
 + Level 3.5 Shapeshifting


You had 3 spell levels left.
You didn't know any spells.
Your spell library contained the following spells:

 Spells                   Type           Power      Damage    Failure   Level
 Shock                    Conj/Air       0%         1d3       36%         1
 Swiftness                Air            0%         N/A       75%         3
 Airstrike                Air            0%         2d(0-16)  98%         4


Dungeon Overview and Level Annotations

Branches:
Dungeon (3/15)

Altars:

Annotations:
D:2 Ijyb


Innate Abilities, Weirdness & Mutations

You are a hulking beast.
Your limbs bulge with bestial killing power. (Slay +2)
Your plain brown scales are hard. (AC +5)
You cannot fit into any form of body armour.
You are cold-blooded and may be slowed by cold attacks.


Message History

You hit Ijyb.
Ijyb is heavily wounded.
You hit the goblin.
The goblin is heavily wounded.
Ijyb zaps a wand.
The puff of flame hits you! The goblin barely misses you.
You closely miss the goblin.
The goblin is heavily wounded.
Ijyb hits you with a +0 club.
* * * LOW HITPOINT WARNING * * *
The goblin hits you but does no damage.
Unknown command.
Unknown command.
You punch Ijyb!
Ijyb is severely wounded.
Ijyb hits you but does no damage. The goblin hits you with a +0 club.
* * * LOW HITPOINT WARNING * * *
Unknown command.
Unknown command.
Ijyb misses you. The goblin barely misses you.
You climb upwards.
There is a stone staircase leading down here.
Unknown command.
Unknown command.
You hit Ijyb. You tail-slap Ijyb, but do no damage.
Ijyb is almost dead.
Ijyb hits you but does no damage. The goblin closely misses you.
You hit Ijyb but do no damage.
Ijyb is almost dead.
Ijyb screams, "Level is mine!
All mine!"
Ijyb zaps a wand.
The puff of flame hits you.
* * * LOW HITPOINT WARNING * * *
The goblin barely misses you.
You hit Ijyb but do no damage.
Ijyb is almost dead.
Ijyb hits you but does no damage. The goblin misses you.
Unknown command.
You closely miss Ijyb.
Ijyb is almost dead.
Ijyb hits you with a +0 club.
* * * LOW HITPOINT WARNING * * *
The goblin hits you but does no damage.
Unknown command.
You closely miss Ijyb.
Ijyb is almost dead.
Ijyb hits you with a +0 club.
* * * LOW HITPOINT WARNING * * *
You barely miss Ijyb.
Your tail-slap misses Ijyb.
Ijyb is almost dead.
The goblin closely misses you. Ijyb hits you with a +0 club.
You die...

#######.......#
#....##.####### ....#
###.##.## #.......# #..
....# #..#.# #.......# #..
....# ####...## ####....#
#.. ....###.......#
####.....# #..
......'.......# ##........#
#..
....###....##.###..###....#
#.. ##### #....##..#))##
#....# #.. #....###.gh##
#....# #.. #....# ###g#
#....# #.. ###### #.#
#....# #..
#.##############..
#.#...............
#.#.############## #.#.#
#........ #.#.# #.##.....
#.#.# #.#......


You could see Ijyb and a goblin.

Vanquished Creatures
  3 adders (D:2)
  2 dart slugs (D:1)
  8 bats
  3 endoplasms (D:1)
  2 giant cockroaches
  13 goblins
  7 hobgoblins
  3 jackals (D:2)
  3 quokkas
  5 ball pythons
  2 frilled lizards (D:2)
  3 kobolds
  7 rats
  A spectral kobold (D:1)
62 creatures vanquished.

Notes
Turn   | Place    | Note
-------+----------+-------------------------------------------
     0 | D:1      | Sobieck the Draconian Shapeshifter began the quest for the
                  | Orb.
     0 | D:1      | Reached XP level 1. HP: 16/16 MP: 1/1
   170 | D:1      | Reached XP level 2. HP: 23/23 MP: 2/2
   259 | D:1      | Found a faded altar of an unknown god.
   522 | D:1      | Reached XP level 3. HP: 22/29 MP: 3/3
  1092 | D:2      | Reached XP level 4. HP: 36/36 MP: 4/4
  1642 | D:3      | Noticed Ijyb
  1681 | D:2      | Slain by Ijyb

Illustrated notes

Levels and vault maps discovered:
D:1:      elethiomel_arrival_maze, layout_rooms, serial_rivers,
          chequers_serial_rivers_room_b, chequers_serial_rivers_micro_c,
          chequers_serial_rivers_micro_d, chequers_serial_rivers_micro_e,
          chequers_serial_rivers_micro_e, chequers_serial_rivers_micro_d,
          dreamdust_ecumenical_altar_drowned_temple
D:2:      layout_basic
D:3:      kennysheep_the_goblin_king, layout_loops_ring,
          grunt_gozag_breadcrumbs, serial_shops,
          nicolae_shop_overgrown_old_shop, kennysheep_generic_room_12

Skill      XL: |  1  2  3 |
---------------+----------+-----
Dodging        | 2 |  2.6
Fighting       | 2 |  2.5
Unarmed Combat | |  3.6
Shapeshifting  | |  3.5

Action                     |  1- 3 |  4- 6 || total
---------------------------+-------+-------++-------
  Melee: Unarmed           |   127 |    50 ||   177
         Tailslap          |    11 |     4 ||    15
         Punch             |     1 |       ||     1
   Stab: Sleeping          |     2 |       ||     2
 Armour: Skin              |    64 |    35 ||    99
  Dodge: Dodged            |    69 |    27 ||    96

Table legend: (Time is in decaauts)
 A = Elapsed time spent in this place.
 B = Non-inter-level travel time spent in this place.
 C = Inter-level travel time spent in this place.
 D = Time resting spent in this place.
 E = Time spent auto-exploring this place.
 F = Levels seen in this place.
 G = Mean time per level.
                   A        B        C        D        E       F      G
               +--------+--------+--------+--------+--------+-----+--------+
         Total |   1679 |   1609 |     70 |     28 |   1219 |   3 |  559.7 |
       Dungeon |   1679 |   1609 |     70 |     28 |   1219 |   3 |  559.7 |
               +--------+--------+--------+--------+--------+-----+--------+

Top non-repeatable levels by time:
     D:2: 949 daAuts
     D:1: 703 daAuts
     D:3: 27 daAuts
